Map: Dusk Towers

Players

TheLazyGit

  • Race: Terran Terran
  • League: Platinum

SticklerMac - Winner!

  • Race: Zerg Zerg
  • League: Platinum

VOD

Have the link to the VOD?

Description

Time

  • Played on: Nov. 14, 2015, 6:12 p.m.
  • Length: 6:27
Show
View Real Time Build Order
Export as new Build Order

TheLazyGit Terran 

Build Orders:  

Get SALT Encoding   

  12  0:04  SCV  
  13  0:16  SCV  
  14  0:23  Supply Depot  
  14  0:26  Refinery  
  14  0:28  SCV  
  15  0:45  SCV  
  16  0:50  Barracks  
  16  0:57  SCV  
  16  1:01  Supply Depot  
  17  1:09  SCV  
  18  1:23  SCV, Barracks  
  19  1:36  Barracks  
  19  1:42  Reaper  
  19  1:45  SCV  
  21  1:54  Refinery  
  21  1:57  SCV  
  22  2:09  Orbital Command  
  22  2:14  Reaper  
  23  2:16  Reaper  
  24  2:29  Bunker  
  24  2:31  Reaper  
  24  2:35  SCV  
  26  3:05  Reaper x3  
  28  3:16  SCV  
  29  3:23  Command Center  
  29  3:25  Command Center  
  29  3:37  Reaper x2  
  29  3:38  Reaper  
  29  3:46  SCV  
  29  3:48  Supply Depot  
  29  3:58  SCV  
  30  4:09  Reaper x2  
  32  4:21  Reaper  
  33  4:35  SCV  
  34  4:41  Reaper  
  35  5:01  Orbital Command  
  35  5:27  Reaper x3  
  30  5:31  Factory  
  28  5:38  SCV  
  29  5:51  SCV  
  29  5:55  Supply Depot x3  
  29  5:56  Command Center  
  30  6:03  Barracks x2  
  30  6:04  Barracks  
Show
View Real Time Build Order
Export as new Build Order

SticklerMac Zerg - Winner!

Build Orders: Hatch First 

Get SALT Encoding   

  12  0:01  Drone  
  13  0:13  Overlord  
  13  0:18  Drone  
  14  0:31  Drone x2  
  16  0:37  Drone  
  17  0:55  Hatchery  
  16  0:57  Drone  
  16  1:03  Drone, Extractor  
  17  1:16  Spawning Pool  
  16  1:20  Drone  
  16  1:25  Drone  
  18  1:33  Drone  
  19  1:40  Overlord  
  19  1:51  Drone  
  20  2:01  Drone  
  20  2:04  Metabolic Boost  
  20  2:06  Queen  
  23  2:09  Queen  
  23  2:13  Drone  
  26  2:16  Zergling x2  
  26  2:20  Zergling x2  
  28  2:30  Baneling Nest, Zergling x2  
  28  2:34  Zergling x2  
  28  3:01  Zergling x12  
  33  3:20  Queen  
  33  3:22  Overlord x2  
  35  3:38  Queen  
  35  3:39  Overlord x3  
  35  3:44  Zergling x4  
  37  3:51  Zergling x4  
  37  3:52  Zergling x2  
  40  4:11  Zergling x2  
  37  4:21  Zergling x12  
  42  4:26  Zergling x2  
  43  4:33  Zergling x6  
  43  4:34  Zergling x2  
  43  4:36  Zergling x2  
  48  4:41  Zergling x2  
  48  4:42  Zergling x2  
  48  4:44  Zergling x2  
  48  4:56  Zergling x4  
  50  5:08  Zergling x10  
  50  5:09  Zergling x2  
  56  5:16  Overlord  
  55  5:23  Zergling x6  
  54  5:32  Zergling x2  
  54  5:33  Zergling x4  
  57  5:43  Baneling  
  57  5:44  Baneling x7  
  57  5:45  Baneling  
  57  5:49  Zergling x2  
  58  5:54  Zergling x2  
  58  5:55  Zergling x2  
Tags
 
Add a new tag
Caveats
  • Supply blocks, unpowered buildings, or Contaminate may cause inaccurate times.
  • Supply counts are checked every 10 seconds.